 Dungeon Crawl Stone Soup version 0.24-a0-458-gfcb5e6d (webtiles) character file.

Game seed: 14881649641568563269

25 CaptainSheepy the Scratcher (level 2, -4/12 HPs)
             Began as a Felid Transmuter on June 26, 2019.
             Slain by a hobgoblin
             ... wielding a +0 club
              (5 damage)
             ... on level 3 of the Dungeon.
             The game lasted 00:08:37 (944 turns).

CaptainSheepy the Scratcher (Felid Transmuter)       Turns: 944, Time: 00:08:37

Health: -4/12      AC:  1    Str:  6    XL:     2   Next: 82%
Magic:  5/6        EV: 18    Int: 14    God:
Gold:   83         SH:  0    Dex: 16    Spells: 2/5 levels left
                                        Lives:  0   Deaths: 0

rFire    . . .     SeeInvis +     - Unarmed
rCold    . . .     Gourm    .   (shield unavailable)
rNeg     . . .     Faith    .   (armour unavailable)
rPois    .         Spirit   .   (helmet unavailable)
rElec    .         Reflect  .   (cloak unavailable)
rCorr    .         Harm     .   (gloves unavailable)
MR       .....                  (boots unavailable)
Stlth    ++........             (no amulet)
HPRegen  0.04/turn              (no ring)
MPRegen  0.10/turn              (no ring)

@: appendage (expiring), quick
A: very small, no armour, no weapons or thrown items, stealth, claws 1, fangs 3,
horns 2, see invisible, carnivore, speed 1, shaggy fur 1, slow metabolism 1,
sharp paws
a: End Transformation


You were on level 3 of the Dungeon.
You were not hungry.
You had grown temporary horns.
You visited 1 branch of the dungeon, and saw 3 of its levels.

You collected 83 gold pieces.

Inventory:

Missiles
 a - 31 arrows
Jewellery
 e - an uncursed ring of protection from fire {unknown}
Scrolls
 b - a scroll of remove curse {unknown}
Potions
 d - a potion of resistance {unknown}
 f - a potion of might {unknown}
Comestibles
 c - 2 rations


   Skills:
 + Level 1.0 Fighting
 + Level 3.1 Dodging
 + Level 1.0 Stealth
 + Level 3.5 Unarmed Combat
 + Level 2.2 Spellcasting
 + Level 2.3 Transmutations


You had 2 spell levels left.
You knew the following spells:

 Your Spells              Type           Power        Failure   Level  Hunger
a - Beastly Appendage     Tmut           #.....       9%          1    #......
b - Sticks to Snakes      Tmut           #.......     14%         2    ###....

Your spell library contained the following spells:

 Spells                   Type           Power        Failure   Level  Hunger
 Spider Form              Tmut/Pois      #.........   41%         3    ###....
 Ice Form                 Ice/Tmut       #.......     82%         4    #####..
 Blade Hands              Tmut           #.........   94%         5    ######.


Dungeon Overview and Level Annotations

Branches:
Dungeon (3/15)

Altars:


Innate Abilities, Weirdness & Mutations

You cannot wear armour.
You are incapable of wielding weapons or throwing items.
Your paws allow you to move quietly. (Stealth)
You have sharp claws.
You have razor-sharp teeth.
You have supernaturally acute eyesight. (SInv)
You are carnivorous and can eat meat at any time.
You cover ground quickly.
You are covered in fur. (AC +1)
You have a slow metabolism.
Your sharp claws are effective at attacking unaware monsters.
You have a pair of horns on your head.


Message History

You miss the adder. You headbutt the adder.
The adder is lightly wounded.
The adder bites you.
* * * LOW HITPOINT WARNING * * *
The hobgoblin hits you with a +0 club.
* * * LOW HITPOINT WARNING * * *
You scratch the adder.
The adder is moderately wounded.
Your transformation is almost over.
The hobgoblin barely misses you. The adder completely misses you.
You closely miss the hobgoblin. You headbutt the hobgoblin.
You bite the hobgoblin, but do no damage.
The hobgoblin is moderately wounded.
A rat comes into view.
The hobgoblin barely misses you. The adder misses you.
The hobgoblin barely misses you.
You scratch the hobgoblin.
You kill the hobgoblin!
The adder closely misses you. The hobgoblin hits you with a +0 club.
You die...

# .. .. .## #. .#
# ...#. .#
#.##.#.###.#
...........#####.
.......^..)#.....
.......<.........
..r...(.†........
.......g@....###%
.......)S..###
...........#
.....?.....#
...........#
...........#
.............
...............
..........###..


You could see an adder, a hobgoblin and a rat.

Vanquished Creatures
  A worm (D:2)
  A dart slug (D:1)
  2 bats (D:2)
  2 giant cockroaches
  2 goblins
  3 hobgoblins
  4 kobolds
  A frilled lizard (D:3)
  3 rats
19 creatures vanquished.

Notes
Turn   | Place    | Note
-------+----------+-------------------------------------------
     0 | D:1      | CaptainSheepy the Felid Transmuter began the quest for the
                  | Orb.
     0 | D:1      | Reached XP level 1. HP: 9/9 MP: 4/4
   541 | D:1      | Reached XP level 2. HP: 12/12 MP: 6/6
   549 | D:1      | Learned a level 2 spell: Sticks to Snakes
   922 | D:3      | Reached skill level 1 in Stealth
   944 | D:3      | Slain by a hobgoblin

Levels and vault maps discovered:
D:1:      minmay_arrival_nine_rooms, layout_basic
D:2:      layout_basic, grunt_temple_overflow_open, first_ration,
          hangedman_decor_push, uniq_jessica
D:3:      layout_basic, gup_sewer_entry_pipe, uniq_ijyb

Skill      XL: |  1  2 |
---------------+-------+-----
Dodging        | 3 |  3.1
Stealth        | 1 |  1.0
Fighting       | |  1.0
Unarmed Combat | |  3.5
Spellcasting   | |  2.2
Transmutations | |  2.3

Action                   || total
-------------------------++-------
Melee: Unarmed           ||    56
       Bite              ||     7
       Headbutt          ||     2
       Punch             ||     1
 Cast: Sticks to Snakes  ||     1
       Beastly Appendage ||     1
  Use: Scroll            ||     1
 Stab: Sleeping          ||     4
Armor: Skin              ||     1
Dodge: Dodged            ||    38

Table legend:
 A = Non-vault XP
 B = Vault XP
 C = Vault XP percentage of total XP
 D = Non-vault monster count
 E = Vault monster count
 F = Vault count percentage of total count
                 A         B        C        D         E       F
            +---------+---------+-------+---------+---------+-------
      Total |      36 |       0 |   0.0 |      19 |       0 |   0.0
            +---------+---------+-------+---------+---------+-------
        D:1 |      16 |       0 |   0.0 |       8 |       0 |   0.0
        D:2 |      14 |       0 |   0.0 |       7 |       0 |   0.0
        D:3 |       6 |       0 |   0.0 |       4 |       0 |   0.0
            +---------+---------+-------+---------+---------+-------
